PA
SOUTH BEACH BLAZE @ PHOENIX HOTSPUR U-21
08/28/2022
 
TOP OF THE 1ST
South Beach Blaze batting - Pitching for Phoenix Hotspur U-21 : LHP Ricardo Sánchez
Pitching: LHP Ricardo Sánchez
Batting: RHB Nick Ross 0-0: Foul Ball, location: 2F
0-1: Called Strike
0-2: Ball
1-2: Ball
2-2: Ball
3-2: Strikes out looking
Batting: RHB Sergio Anruvio 0-0: Foul Ball, location: 2F
0-1: Ball
1-1: Called Strike
1-2: Ground out 4-3 (Groundball, 4)
Batting: RHB Marcos Reyes 0-0: Ball
1-0: Ground out 6-3 (Groundball, 6)
Top of the 1st over - 0 run(s), 0 hit(s), 0 error(s), 0 left on base; South Beach 0 - Phoenix 0
BOTTOM OF THE 1ST
Phoenix Hotspur U-21 batting - Pitching for South Beach Blaze : LHP Vitorio Méndez
Pitching: LHP Vitorio Méndez
Now at SS: Gerjan de Best
Batting: RHB Wilson Castillo 0-0: Called Strike
0-1: Ground out 6-3 (Groundball, 6)
Batting: RHB Shohei Kiyomizu 0-0: Ball
1-0: Ball
2-0: Ground out 5-3 (Groundball, 5)
Batting: LHB Shojiro Ueda 0-0: Ball
1-0: Ball
2-0: Called Strike
2-1: Fly out, F7 (Flyball, 7S)
Bottom of the 1st over - 0 run(s), 0 hit(s), 0 error(s), 0 left on base; South Beach 0 - Phoenix 0
TOP OF THE 2ND
South Beach Blaze batting - Pitching for Phoenix Hotspur U-21 : LHP Ricardo Sánchez
Batting: LHB Tomás Mejía 0-0: Ball
1-0: SINGLE (Groundball, 34D)
Batting: LHB Chad Graves 0-0: Ball
1-0: Grounds into double play, 3-6-1 (Groundball, 3)
Batting: RHB León Domínguez 0-0: Fly out, F8 (Line Drive, 8LS)
Top of the 2nd over - 0 run(s), 1 hit(s), 0 error(s), 0 left on base; South Beach 0 - Phoenix 0
BOTTOM OF THE 2ND
Phoenix Hotspur U-21 batting - Pitching for South Beach Blaze : LHP Vitorio Méndez
Batting: RHB Alex Niemann 0-0: Ball
1-0: Called Strike
1-1: Ball
2-1: Swinging Strike
2-2: Foul Ball, location: 2F
2-2: Foul Ball, location: 2F
2-2: Ball
3-2: DOUBLE (Flyball, 8LD)
Batting: LHB Rafael Sánchez 0-0: Fly out, F7 (Flyball, 7LD)
Runner from 2nd tags up, SAFE at 3rd, no throw
Batting: LHB Luis Díaz 0-0: Foul Ball, location: 2F
0-1: Fly out, F7 (Flyball, 7M)
Runner from 3rd tags up, SCORES, no throw
Batting: RHB Pepe Reyes 0-0: Called Strike
0-1: Foul Ball, location: 2F
0-2: SINGLE (Groundball, 5D)
Batting: RHB Edolf Middehof 0-0: Foul Ball, location: 2F
0-1: Ball
1-1: Swinging Strike
1-2: Ball
2-2: DOUBLE (Line Drive, 89S)
Pepe Reyes to third
Batting: RHB Carl Tucker 0-0: Foul Ball, location: 2F
0-1: Ball
1-1: Ground out 5-3 (Groundball, 5)
Bottom of the 2nd over - 1 run(s), 3 hit(s), 0 error(s), 2 left on base; South Beach 0 - Phoenix 1
TOP OF THE 3RD
South Beach Blaze batting - Pitching for Phoenix Hotspur U-21 : LHP Ricardo Sánchez
Batting: LHB Jacob Herman 0-0: Bunt for hit - play at first, batter OUT! 1-3
Batting: SHB Javier Gonzáles 0-0: Fly out, F9 (Line Drive, 9S)
Batting: RHB Logan Cole 0-0: Ball
1-0: SINGLE (Flyball, 89S)
Batting: RHB Gerjan de Best 0-0: Ball
1-0: Called Strike
1-1: Ball
2-1: Ball
3-1: Fielders Choice at 2nd, 6-4 (Groundball, 6)
Top of the 3rd over - 0 run(s), 1 hit(s), 0 error(s), 0 left on base; South Beach 0 - Phoenix 1
BOTTOM OF THE 3RD
Phoenix Hotspur U-21 batting - Pitching for South Beach Blaze : LHP Vitorio Méndez
Batting: RHB Wilson Castillo 0-0: Ball
1-0: Called Strike
1-1: Ground out 1-3 (Groundball, 13)
Batting: RHB Shohei Kiyomizu 0-0: Ball
1-0: Fly out, F9 (Flyball, 9S)
Batting: LHB Shojiro Ueda 0-0: Ball
1-0: Swinging Strike
1-1: Called Strike
1-2: Strikes out swinging
Bottom of the 3rd over - 0 run(s), 0 hit(s), 0 error(s), 0 left on base; South Beach 0 - Phoenix 1
TOP OF THE 4TH
South Beach Blaze batting - Pitching for Phoenix Hotspur U-21 : LHP Ricardo Sánchez
Batting: RHB Sergio Anruvio 0-0: Called Strike
0-1: Called Strike
0-2: Foul Ball, location: 2F
0-2: Ball
1-2: Ball
2-2: Ball
3-2: Base on Balls
Batting: RHB Marcos Reyes 0-0: Grounds into double play, 1-6-3 (Groundball, 13S)
Batting: LHB Tomás Mejía 0-0: SINGLE (Line Drive, 9LS)
Batting: LHB Chad Graves 0-0: Ground out U3 (Groundball, 3L)
Top of the 4th over - 0 run(s), 1 hit(s), 0 error(s), 1 left on base; South Beach 0 - Phoenix 1
BOTTOM OF THE 4TH
Phoenix Hotspur U-21 batting - Pitching for South Beach Blaze : LHP Vitorio Méndez
Batting: RHB Alex Niemann 0-0: Ball
1-0: Called Strike
1-1: Ball
2-1: Foul Ball, location: 2F
2-2: Fly out, F8 (Flyball, 8LXD)
Batting: LHB Rafael Sánchez 0-0: Ball
1-0: Foul Ball, location: 2F
1-1: Ball
2-1: Swinging Strike
2-2: Strikes out swinging
Batting: LHB Luis Díaz 0-0: Ball
1-0: Fly out, F7 (Flyball, 7M)
Bottom of the 4th over - 0 run(s), 0 hit(s), 0 error(s), 0 left on base; South Beach 0 - Phoenix 1
TOP OF THE 5TH
South Beach Blaze batting - Pitching for Phoenix Hotspur U-21 : LHP Ricardo Sánchez
Batting: RHB León Domínguez 0-0: Reached on error, E4 (Groundball, 4)
Batting: LHB Jacob Herman 0-0: Bunted foul
0-1: Bunted foul
0-2: Ball
1-2: Strikes out swinging
León Domínguez steals 2nd base
Batter strikes out.
Batting: SHB Javier Gonzáles 0-0: Foul Ball, location: 2F
0-1: Foul Ball, location: 2F
0-2: Ball
1-2: Ball
2-2: Foul Ball, location: 2F
2-2: Ground out 5-3 (Groundball, 5)
Batting: RHB Logan Cole 0-0: Ball
1-0: Ball
2-0: Foul Ball, location: 2F
2-1: Foul Ball, location: 2F
2-2: Foul Ball, location: 2F
2-2: Strikes out swinging
Top of the 5th over - 0 run(s), 0 hit(s), 1 error(s), 1 left on base; South Beach 0 - Phoenix 1
BOTTOM OF THE 5TH
Phoenix Hotspur U-21 batting - Pitching for South Beach Blaze : LHP Vitorio Méndez
Batting: RHB Pepe Reyes 0-0: Called Strike
0-1: Ball
1-1: Called Strike
1-2: Ball
2-2: Strikes out swinging
Batting: RHB Edolf Middehof 0-0: Ball
1-0: Fly out, F8 (Flyball, 8RM)
Batting: RHB Carl Tucker 0-0: Called Strike
0-1: Ball
1-1: Ground out 4-3 (Groundball, 4)
Bottom of the 5th over - 0 run(s), 0 hit(s), 0 error(s), 0 left on base; South Beach 0 - Phoenix 1
TOP OF THE 6TH
South Beach Blaze batting - Pitching for Phoenix Hotspur U-21 : LHP Ricardo Sánchez
Batting: RHB Gerjan de Best 0-0: Ball
1-0: Ball
2-0: Called Strike
2-1: Reached on error, E5 (Groundball, 5L)
Batting: RHB Sergio Anruvio 0-0: Ball
1-0: Sac Bunt - play at first, batter OUT! U3
Gerjan de Best to second
Batting: RHB Marcos Reyes 0-0: Ground out 5-3 (Groundball, 56S)
Gerjan de Best to third
Batting: LHB Tomás Mejía 0-0: Ground out 1-3 (Groundball, 13S)
Top of the 6th over - 0 run(s), 0 hit(s), 1 error(s), 1 left on base; South Beach 0 - Phoenix 1
BOTTOM OF THE 6TH
Phoenix Hotspur U-21 batting - Pitching for South Beach Blaze : LHP Vitorio Méndez
Batting: RHB Wilson Castillo 0-0: Ball
1-0: Called Strike
1-1: Swinging Strike
1-2: Strikes out swinging
Batting: RHB Shohei Kiyomizu 0-0: Ball
1-0: Ball
2-0: Swinging Strike
2-1: Swinging Strike
2-2: Foul Ball, location: 2F
2-2: Strikes out swinging
Batting: LHB Shojiro Ueda 0-0: Ball
1-0: Called Strike
1-1: Ball
2-1: Foul Ball, location: 2F
2-2: Ball
3-2: SOLO HOME RUN (Flyball, 8LXD), Distance : 452 ft
Batting: RHB Alex Niemann 0-0: Ground out 5-3 (Groundball, 56S)
Bottom of the 6th over - 1 run(s), 1 hit(s), 0 error(s), 0 left on base; South Beach 0 - Phoenix 2
TOP OF THE 7TH
South Beach Blaze batting - Pitching for Phoenix Hotspur U-21 : LHP Ricardo Sánchez
Batting: LHB Chad Graves 0-0: Ball
1-0: Ball
2-0: SINGLE (Flyball, 6MD)
Batting: RHB León Domínguez 0-0: Bunted foul
0-1: Bunted foul
0-2: Grounds into double play, 6-4-3 (Groundball, 6)
Batting: LHB Jacob Herman 0-0: Called Strike
0-1: Foul Ball, location: 2F
0-2: SINGLE (Flyball, 78S)
Batting: SHB Javier Gonzáles 0-0: Called Strike
Jacob Herman is caught stealing 2nd base
Top of the 7th over - 0 run(s), 2 hit(s), 0 error(s), 0 left on base; South Beach 0 - Phoenix 2
BOTTOM OF THE 7TH
Phoenix Hotspur U-21 batting - Pitching for South Beach Blaze : LHP Vitorio Méndez
Batting: LHB Rafael Sánchez 0-0: Ball
1-0: Ball
2-0: Foul Ball, location: 2F
2-1: Hit by Pitch
Batting: LHB Luis Díaz 0-0: Ball
1-0: Bunted foul
1-1: Bunted foul
1-2: Strikes out swinging
Rafael Sánchez is caught stealing 2nd base
Batter strikes out.
Batting: RHB Pepe Reyes 0-0: Ball
1-0: Ground out 5-3 (Groundball, 56)
Bottom of the 7th over - 0 run(s), 0 hit(s), 0 error(s), 0 left on base; South Beach 0 - Phoenix 2
TOP OF THE 8TH
South Beach Blaze batting - Pitching for Phoenix Hotspur U-21 : LHP Ricardo Sánchez
Batting: SHB Javier Gonzáles 0-0: Ball
1-0: Called Strike
1-1: Reached on error, E6 (Groundball, 6)
Batting: RHB Logan Cole 0-0: Ball
1-0: SINGLE (Flyball, 89S)
Javier Gonzáles to second
Runner from 2nd tries for 3rd, SAFE, no throw or cutoff
Pinch Hitting: RHB Leonardo Ramírez 0-0: Foul Ball, location: 2F
0-1: Swinging Strike
0-2: Ball
1-2: Ball
2-2: Fly out, F8 (Flyball, 8RD)
Runner from 3rd tags up, SCORES, no throw
Batting: RHB Sergio Anruvio 0-0: Ball
1-0: Ball
2-0: Ball
3-0: Base on Balls
Logan Cole to second
Batting: RHB Marcos Reyes 0-0: Called Strike
0-1: Swinging Strike
0-2: SINGLE (Line Drive, 6)
Logan Cole to third
Sergio Anruvio to second
Runner from 3rd tries for Home, throw and OUT!
Batting: LHB Tomás Mejía 0-0: Ball
1-0: SINGLE (Groundball, 34D)
Sergio Anruvio to third
Marcos Reyes to second
Runner from 3rd tries for Home, SAFE, no throw or cutoff
Pinch Runner at 2nd Vincente Rotham:
Pinch Hitting: RHB Gabriel Maldonado 0-0: Ball
1-0: 3-RUN HOME RUN (Line Drive, 7LD), Distance : 383 ft
Batting: RHB León Domínguez 0-0: Foul Ball, location: 2F
0-1: Ball
1-1: Ball
2-1: Ball
3-1: Fly out, F8 (Flyball, 8LM)
Top of the 8th over - 5 run(s), 4 hit(s), 1 error(s), 0 left on base; South Beach 5 - Phoenix 2
BOTTOM OF THE 8TH
Phoenix Hotspur U-21 batting - Pitching for South Beach Blaze : LHP Vitorio Méndez
Now at 1B: Leonardo Ramírez
Now at SS: Jack Willis
Batting: RHB Edolf Middehof 0-0: SINGLE (Groundball, 56)
Batting: RHB Carl Tucker 0-0: Called Strike
0-1: Ball
1-1: Ball
2-1: Ball
3-1: Swinging Strike
3-2: Foul Ball, location: 2F
3-2: SINGLE (Line Drive, 56)
Edolf Middehof to second
Batting: RHB Wilson Castillo 0-0: Called Strike
0-1: Ball
1-1: Ball
2-1: Foul Ball, location: 2F
2-2: Grounds into double play, 6-4-3 (Groundball, 6M)
Edolf Middehof to third
Batting: RHB Shohei Kiyomizu 0-0: Called Strike
0-1: Called Strike
0-2: Ball
1-2: Foul Ball, location: 2F
1-2: Ball
2-2: Fly out, F6 (Popup, 6M)
Bottom of the 8th over - 0 run(s), 2 hit(s), 0 error(s), 1 left on base; South Beach 5 - Phoenix 2
TOP OF THE 9TH
South Beach Blaze batting - Pitching for Phoenix Hotspur U-21 : LHP Ricardo Sánchez
Batting: LHB Jacob Herman 0-0: Ground out 4-3 (Groundball, 13)
Batting: SHB Javier Gonzáles 0-0: Swinging Strike
0-1: Ball
1-1: Ground out 6-3 (Groundball, 6)
Batting: RHB Logan Cole 0-0: Called Strike
0-1: Ball
1-1: Called Strike
1-2: Ball
2-2: Foul Ball, location: 2F
2-2: Foul Ball, location: 2F
2-2: Foul Ball, location: 2F
2-2: Foul Ball, location: 2F
2-2: Fly out, F5 (Line Drive, 56)
Top of the 9th over - 0 run(s), 0 hit(s), 0 error(s), 0 left on base; South Beach 5 - Phoenix 2
BOTTOM OF THE 9TH
Phoenix Hotspur U-21 batting - Pitching for South Beach Blaze : LHP Vitorio Méndez
Pitching: RHP Sixto Palaeios
Batting: LHB Shojiro Ueda 0-0: Foul Ball, location: 2F
0-1: Called Strike
0-2: Ball
1-2: Ground out 6-3 (Groundball, 6M)
Batting: RHB Alex Niemann 0-0: Ground out 1-3 (Groundball, 23)
Batting: LHB Rafael Sánchez 0-0: Ball
1-0: Swinging Strike
1-1: SINGLE (Line Drive, 6MD)
Batting: LHB Luis Díaz 0-0: Foul Ball, location: 2F
0-1: Called Strike
0-2: Ball
1-2: Foul Ball, location: 2F
1-2: SINGLE (Line Drive, 4MD)
Rafael Sánchez to second
Pinch Hitting: LHB Ricardo Peña 0-0: Called Strike
0-1: Called Strike
0-2: Foul Ball, location: 2F
0-2: Ball
1-2: Ball
2-2: Foul Ball, location: 2F
2-2: Ball
3-2: Base on Balls
Rafael Sánchez to third
Luis Díaz to second
Pinch Hitting: LHB Tim Waters 0-0: Ball
1-0: Fly out, F9 (Flyball, 89M)
Bottom of the 9th over - 0 run(s), 2 hit(s), 0 error(s), 3 left on base; South Beach 5 - Phoenix 2
This league is powered by Out of the Park Baseball, the baseball management simulation game for PC, Mac and Linux
Friday, April 15th, 2016 - OOTP Baseball 16.9 Build 39